 Dungeon Crawl Stone Soup version 0.31-a0-743-g45f7035092 (webtiles) character file.

Game seed: 8316484056827913949

931 GigaChad the Chopper (level 8, -2/61 HPs)
             Began as a Human Fighter on Sept 12, 2023.
             Was an Initiate of Gozag.
             Slain by a gnoll sergeant
             ... wielding a +0 trident
              (6 damage)
             ... on level 6 of the Dungeon on Sept 13, 2023.
             The game lasted 00:09:47 (4581 turns).

GigaChad the Chopper (Human Fighter)                Turns: 4581, Time: 00:09:50

Health: -2/61      AC:  8    Str: 19    XL:     8   Next: 33%
Magic:  8/8        EV:  9    Int:  8    God:    Gozag
Gold:   554        SH:  6    Dex: 19    Spells: 7/7 levels left

rFire   . . .        h - +2 broad axe (elec)
rCold   . . .        c - +0 buckler
rNeg    . . .        b - +0 scale mail
rPois   .            (no helmet)
rElec   .            v - +0 cloak
rCorr   .            (no gloves)
SInv    .            (no boots)
Will    .....        (no amulet) Stlth
                     m - +6 ring of dexterity
HPRegen 0.30/turn    (no ring)
MPRegen 0.11/turn

%: no passive effects
@: no status effects
A: no striking features
a: Renounce Religion, Potion Petition, Call Merchant, Bribe Branch


You were on level 6 of the Dungeon.
You worshipped Gozag.
Gozag was pleased with you.
You visited 2 branches of the dungeon, and saw 7 of its levels.
You also visited: Ossuary.

You collected 597 gold pieces.
You paid 43 gold pieces to Gozag.

Inventory:

Hand Weapons
 a - a +0 war axe
 h - a +2 broad axe of electrocution (weapon)
 y - a +0 great mace
Armour
 b - a +0 scale mail (worn)
 c - a +0 buckler (worn)
 v - a +0 cloak (worn)
Jewellery
 m - a +6 ring of dexterity (left hand)
 t - a ring of see invisible
Wands
 u - a wand of charming (9)
Scrolls
 e - 2 scrolls of noise
 k - a scroll of amnesia
 l - 2 scrolls of immolation
 p - 3 scrolls of revelation {unknown}
 q - a scroll of torment {unknown}
 r - a scroll of vulnerability {unknown}
 w - 3 scrolls of teleportation
 x - 6 scrolls of identify
Potions
 d - 3 potions of might
 f - a potion of mutation {unknown}
 g - 2 potions of invisibility {unknown}
 i - 3 potions of degeneration {unknown}
 j - 2 potions of attraction {unknown}
 n - 3 potions of resistance {unknown}
 o - a potion of enlightenment {unknown}
 s - a potion of ambrosia {unknown}
 z - 2 potions of curing {unknown}


   Skills:
 * Level 4.4 Fighting
 * Level 6.8 Axes
 * Level 5.1 Armour
 * Level 4.2 Shields


You had 7 spell levels left.
You didn't know any spells.
Your spell library contained the following spells:

 Spells                   Type           Power      Damage    Failure   Level
 Hailstorm                Conj/Ice       0%         3d3       99%         3
 Haunt                    Necr/Summ      0%         N/A       100%        7
 Polar Vortex             Ice            0%         N/A       100%        9


Dungeon Overview and Level Annotations

Branches:
Dungeon (6/15)             Temple (1/1) D:4         Ossuary (visited)

Altars:
Cheibriados
Dithmenos
Elyvilon
Fedhas
Gozag
Hepliaklqana
Kikubaaqudgha
Makhleb
Nemelex Xobeh
Okawaru
Qazlal
Ru
Sif Muna
Trog
Uskayaw
Vehumet
Wu Jian
Xom
Yredelemnul
Zin

Shops:
D:3 (

Annotations:
D:1 1 transporter


Message History

6 gold pieces; a +0 whip You slash the gnoll sergeant!
The gnoll sergeant is severely wounded.
You block the gnoll sergeant's attack.
You hit the gnoll sergeant but do no damage.
The gnoll sergeant is severely wounded.
The gnoll sergeant barely misses you. You block the gnoll sergeant's attack.
You barely miss the gnoll sergeant.
The gnoll sergeant is severely wounded.
You block the gnoll sergeant's attack. The gnoll sergeant blocks your attack.
The gnoll sergeant is severely wounded.
The gnoll sergeant hits you with a +0 trident.
* * * LOW HITPOINT WARNING * * *
The gnoll sergeant blocks your attack.
The gnoll sergeant is severely wounded.
The gnoll sergeant hits you with a +0 trident!
* * * LOW HITPOINT WARNING * * *
You closely miss the gnoll sergeant.
The gnoll sergeant is severely wounded.
You block the gnoll sergeant's attack.
The gnoll sergeant hits you with a +0 trident.
* * * LOW HITPOINT WARNING * * *
You hit the gnoll sergeant but do no damage.
The gnoll sergeant is severely wounded.
The gnoll sergeant closely misses you.
You barely miss the gnoll sergeant.
The gnoll sergeant is severely wounded.
The gnoll sergeant hits you with a +0 trident.
* * * LOW HITPOINT WARNING * * *
The gnoll sergeant blocks your attack.
The gnoll sergeant is severely wounded.
You block the gnoll sergeant's attack. The gnoll sergeant blocks your attack.
The gnoll sergeant is severely wounded.
The gnoll sergeant hits you with a +0 trident.
* * * LOW HITPOINT WARNING * * *
The gnoll sergeant hits you with a +0 trident.
You die...
Your body crumbles into a pile of gold.

### ..# #.# #.# # #.#
#.####@# ...#g######
######.#g#....####
.....gg.g...>....
.......#<.......
#......#.###.#########
#......#............<#
#......###..##########
....... #..##


You could see a gnoll sergeant and 2 gnolls.

Vanquished Creatures
  An ice beast (D:3)
  2 ogres
  3 scorpions (D:5)
  2 howler monkeys (D:5)
  A centaur zombie (Ossuary)
  An orc priest (D:5)
  5 orc wizards
  2 mummies (Ossuary)
  6 adders
  2 gnolls (D:6)
  An ufetubus (D:5)
  An adder zombie (Ossuary)
  2 worms
  2 dart slugs
  9 orcs
  6 ball pythons
  5 bats
  6 endoplasms
  3 giant cockroaches
  6 goblins
  10 hobgoblins
  6 jackals
  8 kobolds
  2 quokkas
  4 frilled lizards
  2 goblin zombies (Ossuary)
  8 hobgoblin zombies (Ossuary)
  4 jackal zombies (Ossuary)
  7 kobold zombies (Ossuary)
  12 orc zombies (Ossuary)
  14 rats
  2 rat zombies (Ossuary)
145 creatures vanquished.

Vanquished Creatures (others)
  An orc wizard (D:3)
1 creature vanquished.

Grand Total: 146 creatures vanquished

Notes
Turn   | Place    | Note
-------+----------+-------------------------------------------
     0 | D:1      | GigaChad the Human Fighter began the quest for the Orb.
     0 | D:1      | Reached XP level 1. HP: 18/18 MP: 1/1
    29 | D:1      | Reached XP level 2. HP: 11/24 MP: 2/2
    44 | D:1      | Found a faded altar of an unknown god.
   274 | D:1      | Reached XP level 3. HP: 28/29 MP: 3/3
   825 | D:2      | Reached XP level 4. HP: 29/35 MP: 4/4
   940 | D:2      | Reached skill level 3 in Axes
  1312 | D:3      | Noticed an ice beast
  1321 | D:3      | Killed an ice beast
  1322 | D:3      | Reached skill level 4 in Axes
  1322 | D:3      | Reached XP level 5. HP: 24/41 MP: 5/5
  1415 | D:3      | Reached XP level 6. HP: 47/47 MP: 6/6
  1642 | D:3      | Found Feovvam's Weapon Shop.
  2095 | D:4      | Found a staircase to the Ecumenical Temple.
  2141 | Temple   | Entered the Ecumenical Temple
  2155 | Temple   | Became a worshipper of Gozag Ym Sagoz the Greedy
  2280 | D:4      | Noticed an ogre
  2284 | D:4      | Killed an ogre
  2285 | D:4      | Reached XP level 7. HP: 7/53 MP: 7/7
  2483 | D:4      | Reached skill level 5 in Axes
  2749 | D:4      | Found a sand-covered staircase.
  2788 | Ossuary  | Entered an ossuary
  3024 | Ossuary  | Upgraded the game from 0.31-a0-740-g87205ac768 to
                  | 0.31-a0-743-g45f7035092
  3149 | D:5      | Entered Level 5 of the Dungeon
  3680 | D:5      | Reached skill level 6 in Axes
  3818 | D:5      | Reached XP level 8. HP: 55/60 MP: 8/8
  3983 | D:5      | Got the Almanac of Hypothermia and Creation
  4125 | D:5      | Reached skill level 5 in Armour
  4581 | D:6      | Slain by a gnoll sergeant

Illustrated notes

Levels and vault maps discovered:
D:1:      spicycebolla_arrival_transporter_tutorial, layout_basic,
          ebering_ecumenical_altar_rust
D:2:      layout_basic
D:3:      minmay_recursive_quarters, layout_basic, serial_shops, shop
D:4:      layout_loops_cross, minmay_temple_entry_water_ring, enter_ossuary_5
D:5:      layout_basic, minivault_14, minmay_between
D:6:      layout_basic
Temple:   nicolae_temple_bog_church

Skill      XL: |  1  2  3  4  5  6  7  8 |
---------------+-------------------------+-----
Axes           | 4 6 |  6.8
Armour         | 4 5 |  5.1
Fighting       | 4 |  4.4
Shields        | 4 |  4.2

Action                     |  1- 3 |  4- 6 |  7- 9 || total
---------------------------+-------+-------+-------++-------
  Melee: War axe           |    75 |    47 |       ||   122
         Broad axe         |       |    68 |   128 ||   196
  Evoke: Wand              |       |     1 |       ||     1
    Use: Scroll            |       |     5 |       ||     5
 Armour: Scale mail        |    72 |    84 |    59 ||   215
  Dodge: Dodged            |    43 |    52 |    45 ||   140
  Block: Buckler           |    28 |    26 |    25 ||    79

Table legend: (Time is in decaauts)
 A = Elapsed time spent in this place.
 B = Non-inter-level travel time spent in this place.
 C = Inter-level travel time spent in this place.
 D = Time resting spent in this place.
 E = Time spent auto-exploring this place.
 F = Levels seen in this place.
 G = Mean time per level.
                   A        B        C        D        E       F      G
               +--------+--------+--------+--------+--------+-----+--------+
         Total |   4705 |   4546 |    159 |    565 |   3085 |   8 |  588.1 |
       Dungeon |   4407 |   4258 |    149 |    565 |   2948 |   6 |  734.5 |
        Temple |     26 |     16 |     10 |      0 |      0 |   1 |   26.0 |
       Ossuary |    271 |    271 |      0 |      0 |    137 |   1 |  271.0 |
               +--------+--------+--------+--------+--------+-----+--------+

Top non-repeatable levels by time:
     D:5: 1409 daAuts
     D:3: 833 daAuts
     D:4: 815 daAuts
     D:1: 763 daAuts
     D:2: 544 daAuts
 Ossuary: 271 daAuts
     D:6: 41 daAuts
  Temple: 26 daAuts
